 Dungeon Crawl Stone Soup version 0.31.0-11-ge490571c62 (webtiles) character file.

Game seed: 3723384564820414619

189107 Drazool the Black Belt (level 18, -11/160 HPs)
             Began as a Naga Shapeshifter on Jan 30, 2024.
             Was a High Priest of Hepliaklqana.
             Killed from afar by a deep elf zephyrmancer (34 damage)
             ... with a bolt of lightning
             ... on level 1 of the Elven Halls on Jan 31, 2024.
             The game lasted 02:25:20 (28426 turns).

Drazool the Black Belt (Naga Shapeshifter)         Turns: 28426, Time: 02:25:21

Health: -11/160    AC: 36    Str: 16    XL:     18   Next: 12%
Magic:  17/24      EV:  2    Int: 13    God:    Hepliaklqana [*****.]
Gold:   1951       SH:  0    Dex: 19    Spells: 19/23 levels left

rFire   . .          .
                       - Unarmed
rCold   . . .        (shield currently unavailable)
rNeg    . . .        O - +10 plate armour "Etaube" {^Contam rCorr Int+2 SInv}
rPois   +            u - +2 helmet
rElec   .            Y - +2 cloak {rPois}
rCorr   +            E - melded +2 pair of gloves
SInv    +            M - +0 barding
Will    +++..        X - amulet of regeneration Stlth
                     T - +4 ring of protection
HPRegen 1.26/turn    W - ring of willpower
MPRegen 0.19/turn

%: no passive effects
@: blade hands, very slow
A: reduced essence, AC +6, large, see invisible, deformed body, poison
resistance, slowness 2, spit poison 1, naga tail 2
}: 1/15 runes: gossamer
a: Spit Poison, Begin Untransformation, Renounce Religion, Recall Ancestor,
Ancestor Identity, Transference, Idealise


You were on level 1 of the Elven Halls.
You worshipped Hepliaklqana.
Hepliaklqana was extremely pleased with you.
You had blades for hands.
You visited 7 branches of the dungeon, and saw 29 of its levels.
You also visited: Ossuary and Volcano.

You collected 2355 gold pieces.
You spent 404 gold pieces at shops.


Innate Abilities, Weirdness & Mutations

You have blades for hands.
You are incapable of wielding weapons or throwing items.
Your life essence is reduced to manifest your ancestor. (-10% HP)
Your serpentine skin is tough. (AC +6)
You have supernaturally acute eyesight. (SInv)
Armour fits poorly on your strangely shaped body.
Your system is resistant to poisons. (rPois)
You cover ground very slowly.
You can spit poison.
You can use your snake-like lower body to constrict enemies.


   Skills:
 - Level 15.0 Fighting
 - Level 3.1 Throwing
 - Level 7.0 Armour
 - Level 3.0 Dodging
 - Level 6.0 Stealth
 + Level 19.6 Unarmed Combat
 - Level 3.0 Spellcasting
 - Level 5.0 Translocations
 - Level 9.0 Invocations
 - Level 6.0 Evocations
 - Level 16.0 Shapeshifting


You had 19 spell levels left.
You knew the following spells:

 Your Spells              Type           Power      Damage    Failure   Level
u - Passage of Golubria   Tloc           14%        N/A       100%        4

Your spell library contained the following spells:

 Spells                   Type           Power      Damage    Failure   Level
 Lesser Beckoning         Tloc           28%        N/A       88%         2
 Gell's Gravitas          Tloc           14%        N/A       98%         3
 Teleport Other           Tloc           14%        N/A       98%         3
 Sandblast                Erth           2%         2d4       100%        1
 Dazzling Flash           Conj/Hex       2%         N/A       100%        3
 Mephitic Cloud           Conj/Alch/Air  1%         N/A       100%        3
 Passwall                 Erth           1%         N/A       100%        3
 Stone Arrow              Conj/Erth      2%         3d7       100%        3
 Tukima's Dance           Hex            1%         N/A       100%        3
 Volatile Blastmotes      Fire/Tloc      16%        2d11      100%        3
 Animate Armour           Summ/Erth      2%         N/A       100%        4
 Animate Dead             Necr           1%         N/A       100%        4
 Brom's Barrelling Bould  Conj/Erth      1%         2d3       100%        4
 Fulminant Prism          Conj/Alch      0%         3d5       100%        4
 Ignite Poison            Fire/Alch      1%         N/A       100%        4
 Iskenderun's Mystic Bla  Conj/Tloc      8%         2d4       100%        4
 Sticky Flame             Fire/Alch      1%         2d4       100%        4
 Vhi's Electric Charge    Tloc/Air       16%        N/A       100%        4
 Arcjolt                  Conj/Air       0%         1d10      100%        5
 Borgnjor's Vile Clutch   Necr/Erth      0%         N/A       100%        5
 Curse of Agony           Necr           1%         N/A       100%        5
 Silence                  Hex/Air        0%         N/A       100%        5
 Yara's Violent Unravell  Hex/Alch       0%         3d3       100%        5
 Death Channel            Necr           0%         N/A       100%        6
 Plasma Beam              Fire/Air       0%         2x1d10    100%        6
 Ignition                 Fire           0%         3d3       100%        8
 Lehudib's Crystal Spear  Conj/Erth      0%         10d2      100%        8

Inventory:

Missiles
 h - 4 poisoned darts
Armour
 q - the +5 Storm Queen's Shield {shock, Fly rElec}
   (You found it on level 5 of the Lair of Beasts)

   Shock:     When it blocks an attack, it may electrocute the attacker.
   This works even against foes who are a short distance away.
   rElec:     It insulates you from electricity.
   Fly:       It grants you flight.
 u - a +2 helmet (worn)
 E - a +2 pair of gloves (melded)
 M - a +0 barding (worn)
 O - the +10 plate armour "Etaube" (worn) {^Contam rCorr Int+2 SInv}
   (You found it on level 9 of the Dungeon)

   Int+2:     It affects your intelligence (+2).
   SInv:      It lets you see invisible.
   ^Contam:   It causes magical contamination when unequipped.
   rCorr:     It protects you from acid and corrosion.
 U - the scarf of Servitude {rC+ rF+, Will- Str+5 Int-4 Dex+3}
   (You found it on level 4 of the Spider Nest)

   Str+5:     It affects your strength (+5).
   Int-4:     It affects your intelligence (-4).
   Dex+3:     It affects your dexterity (+3).
   Will-:     It decreases your willpower.
 Y - a +2 cloak of poison resistance (worn)
Jewellery
 c - a ring of protection from cold
 f - a ring of fire
 o - an amulet of reflection
 C - a ring of protection from cold
 F - a ring of protection from fire
 N - a ring of positive energy
 T - a +4 ring of protection (left blade hand)
 W - a ring of willpower (right blade hand)
 X - an amulet of regeneration (around neck)
 Z - a ring of wizardry
Talismans
 z - the serpent talisman of Knowledge {rElec rCorr Int+2 Dex+2}
   (You took it off Aizul on level 3 of the Spider Nest)

   [serpent talisman]

   Int+2:     It affects your intelligence (+2).
   Dex+2:     It affects your dexterity (+2).
   rElec:     It insulates you from electricity.
   rCorr:     It protects you from acid and corrosion.
 J - a maw talisman
 Q - a blade talisman (active)
Wands
 t - a wand of polymorph (18)
 A - a wand of paralysis (12)
 G - a wand of roots (13)
 K - a wand of flame (45)
Scrolls
 e - 4 scrolls of vulnerability
 l - a scroll of torment
 m - 7 scrolls of noise
 n - a scroll of fog
 w - 4 scrolls of poison
 x - 7 scrolls of immolation
 y - 2 scrolls of fear
 D - 2 scrolls of revelation
 I - 2 scrolls of brand weapon
 P - 5 scrolls of enchant weapon
Potions
 a - 7 potions of brilliance
 b - 5 potions of lignification
 g - 6 potions of haste {@q3}
 i - 7 potions of ambrosia
 j - 8 potions of mutation
 k - 5 potions of enlightenment
 p - 3 potions of heal wounds {@q2}
 r - 5 potions of attraction
 s - 3 potions of berserk rage {!q}
 v - 3 potions of invisibility
 B - 2 potions of magic
 H - a potion of might
 L - 4 potions of resistance
 S - 8 potions of curing {@q1}
Miscellaneous
 d - a box of beasts
 R - a condenser vane (inert)
 V - a phantom mirror

Dungeon Overview and Level Annotations

Branches:
Dungeon (15/15)            Temple (1/1) D:7            Lair (5/5) D:10
 Shoals (1/4) Lair:2       Spider (4/4) Lair:3        Slime (0/5) Lair:5
    Orc (2/2) D:12            Elf (1/3) Orc:2        Vaults (0/5) D:14
 Depths (0/4) D:15        Ossuary (visited)         Volcano (visited)

Altars:
Ashenzari
Cheibriados
Dithmenos
Elyvilon
Fedhas
Gozag
Hepliaklqana
Kikubaaqudgha
Makhleb
Nemelex Xobeh
Okawaru
Qazlal
Ru
Sif Muna
Trog
Uskayaw
Vehumet
Wu Jian
Xom
Yredelemnul
Zin
The Shining One
Jiyva

Shops:
D:2 [   D:13 [   Orc:1 (   Orc:2 :[*[   Elf:1 (

Annotations:
D:5 1 runed translucent door, Krumphau's ghost, novice DsMo
D:7 2 transporters, ces's ghost, novice SpHu
D:10 exclusion: statue
Lair:3 1 runed translucent door, hawla's ghost, journeyman FeBe
Elf:1 1 runed translucent door ##.## ##.## #....... ##.## ##.## #.#.# ## ##.## ##.## #... ##.## ##.## ###.# § #.## ########.## ####...# e.e

.## ##.....#)## #......#
#..░ ## #.......##
#.§.)).#...░░.
#.......######e.e.#.)...'.:
#.......'.@$Ree.e.).#...░░?
#.......######e.....#.#..░'
#.......# #....#.# . ...
##.....#+ #..#...# #. ..
####+# ######... .. . #.#.
## #.... '


You could see the friendly Marge Gundersen the knight (idealised), a deep elf
archer (repels missiles) and 5 deep elf zephyrmancers.


Message History

The deep elf archer blinks!
You slice the deep elf archer!!
You kill the deep elf archer!
The deep elf zephyrmancer casts a spell at you.
The bolt of lightning hits you!
* * * LOW HITPOINT WARNING * * *
The bolt of lightning hits Marge Gundersen!!
The deep elf zephyrmancer gestures wildly while chanting.
The deep elf zephyrmancer blinks!
You feel much better.
The deep elf zephyrmancer gestures wildly while chanting.
The deep elf zephyrmancer blinks!
Marge Gundersen hits the deep elf zephyrmancer with a +0 broad axe of flaming!
Marge Gundersen burns the deep elf zephyrmancer.
The deep elf zephyrmancer casts a spell at you.
The bolt of lightning hits Marge Gundersen!!!
The bolt of lightning hits you!!
* * * LOW HITPOINT WARNING * * *
Items here: $ ( )))) [[ ††.
Marge Gundersen hits the deep elf zephyrmancer with a +0 broad axe of flaming!!
Marge Gundersen burns the deep elf zephyrmancer.
The deep elf zephyrmancer hits Marge Gundersen but does no damage.
Unknown command.
Use which ability? (? or * to list) Hepliaklqana grants Marge Gundersen healing and protection!
Marge Gundersen is healed somewhat.
The deep elf zephyrmancer casts a spell at you.
The bolt of lightning hits Marge Gundersen!!
The bolt of lightning hits you!!
You die...

Skill      XL: |  1  2  3  4  5  6  7  8  9 10 11 12 13 14 15 16 17 |
---------------+----------------------------------------------------+-----
Unarmed Combat | 4 5 7 8 9 10 12 15 16 17 19 | 19.6
Fighting       | 2 3 4 5 7 10 12 14 15 | 15.0
Dodging        | 3 |  3.0
Shapeshifting  | 4 6 7 8 10 12 13 15 16 | 16.0
Evocations     | 3 5 6 |  6.0
Stealth        | 3 6 |  6.0
Throwing       | 3 |  3.1
Translocations | 3 5 |  5.0
Invocations    | 4 7 9 |  9.0
Spellcasting   | 3 |  3.0
Armour         | 2 5 7 |  7.0

Action                     |  1- 3 |  4- 6 |  7- 9 | 10-12 | 13-15 | 16-18 || total
---------------------------+-------+-------+-------+-------+-------+-------++-------
  Melee: Unarmed           |    37 |    78 |   332 |   406 |   648 |   484 ||  1985
         Punch             |       |     4 |     2 |    14 |    78 |    67 ||   165
         Constrict         |       |       |       |       |   137 |   121 ||   258
  Throw: Dart              |       |     5 |       |       |       |       ||     5
 Invoke: Ancestor Life: Kn |       |       |       |     1 |       |       ||     1
         Ancestor Identity |       |       |       |     1 |       |       ||     1
         Recall Ancestor   |       |       |       |     4 |     9 |     5 ||    18
         Idealise          |       |       |       |       |     6 |     6 ||    12
Ability: Spit Poison       |    28 |    52 |    37 |    53 |    81 |    85 ||   336
  Evoke: Wand              |       |       |     7 |    13 |    10 |    14 ||    44
         Condenser vane    |       |       |       |       |     1 |     2 ||     3
         Phantom mirror    |       |       |       |       |     1 |       ||     1
    Use: Potion            |       |     1 |       |     2 |     8 |     5 ||    16
         Scroll            |       |     3 |     4 |    11 |    14 |    12 ||    44
   Stab: Distracted        |       |     1 |       |     2 |     9 |     5 ||    17
         Invisible         |       |       |     4 |     5 |     9 |       ||    18
         Paralysed         |       |       |     3 |       |     1 |     3 ||     7
         Sleeping          |       |       |       |     1 |       |       ||     1
 Armour: Animal skin       |    17 |    30 |    57 |       |       |       ||   104
         Skin              |       |     4 |    92 |   145 |       |       ||   241
         Plate armour      |       |       |       |   203 |   887 |   757 ||  1847
  Dodge: Dodged            |    18 |    33 |   169 |   175 |   129 |    35 ||   559
  Block: Other             |       |       |    44 |    18 |       |       ||    62
         Reflection        |       |       |       |     1 |       |       ||     1
   Form: Flux              |       |       |     1 |     2 |       |       ||     3
         Maw               |       |       |       |     1 |     1 |       ||     2
                           |       |       |       |     1 |       |       ||     1
         Blade             |       |       |       |     1 |     1 |     1 ||     3
         Serpent           |       |       |       |       |       |     1 ||     1

Levels and vault maps discovered:
D:1:      shiori_angband_town, layout_rooms, basic_ecumenical_altar
D:2:      layout_loops_corners, serial_shops, shop, uniq_sigmund
D:3:      layout_loops_ring, nicolae_overflow_hidden_temple,
          kennysheep_nondescript, st_stairs_12, uniq_ijyb
D:4:      layout_loops_ring, mainiacjoe_overflow_brackets,
          nicolae_dithmenos_shadow_blocks
D:5:      layout_rooms, tso_altar, general_overflow_altar,
          hellmonk_ghost_happy_afterlife, kennysheep_generic_room_14
D:6:      layout_basic, mainiacjoe_overflow_24_doors,
          grunt_temple_overflow_open, nicolae_ossuary_entry_monument,
          minmay_misc_feat_encased, minmay_manual_monstrance
D:7:      layout_basic, minmay_temple_entry_nine_rooms, gammafunk_ghost_arena
D:8:      layout_basic
D:9:      layout_roguey, marbit_many_paths
D:10:     layout_roguey, mainiacjoe_overflow_small_starburst, vehumet_statue,
          lair_entry_dummy, uniq_josephine
D:11:     layout_irregular_city
D:12:     layout_irregular_city, david_orc_3
D:13:     minmay_spotlight, layout_loops_cross, serial_shops,
          nicolae_shop_tiny_statue_garden
D:14:     layout_stronghold, david_vaults_5, the_hattery
D:15:     gammafunk_enter_depths_forms, layout_loops_ring
Temple:   jpeg_temple_clearing
Lair:1:   layout_cave_pods, gammafunk_ghost_icy,
          portal_ice_cave_entry_pillars_2, lemuel_fruit_fields
Lair:2:   layout_cave_pods, shoals_dummy_entry, wad_woods_river_01
Lair:3:   layout_hall_layers, spider_nest_entry_webs, ebering_ghost_inner_flame
Lair:4:   layout_regular_city, nicolae_volcano_entry_s_turn,
          minmay_lindwurm_lava, uniq_rupert
Lair:5:   grunt_lair_end_beastmaster, layout_cellular_growth,
          minmay_slime_entry_pillars
Shoals:1: layout_shoals
Spider:1: layout_spider_delve, nicolae_crawler_farm
Spider:2: layout_chambers
Spider:3: layout_spider_delve, hangedman_spider_tarantella_strand, uniq_aizul
Spider:4: hellmonk_spider_rune_bug_friends, uniq_arachne
Orc:1:    layout_diamond_mine, serial_shops, shop, mines2_david, uniq_fannar,
          uniq_maurice
Orc:2:    st_orc_rangers, layout_caves, basic_altar
Elf:1:    nicolae_elf_arrival_dilemma, layout_geoelf_grid, serial_shops,
          nicolae_shop_just_a_little_nook, minmay_elf_annihilation,
          lemuel_upstairs_altar

Notes
Turn   | Place    | Note
-------+----------+-------------------------------------------
     0 | D:1      | Drazool the Naga Shapeshifter began the quest for the Orb.
     0 | D:1      | Reached XP level 1. HP: 18/18 MP: 1/1
    99 | D:1      | Reached XP level 2. HP: 25/25 MP: 2/2
   258 | D:1      | Reached skill level 4 in Unarmed Combat
   341 | D:1      | Reached XP level 3. HP: 31/31 MP: 3/3
   382 | D:1      | Found a faded altar of an unknown god.
   774 | D:2      | Reached XP level 4. HP: 22/38 MP: 4/4
   928 | D:2      | Reached skill level 5 in Unarmed Combat
   996 | D:2      | Reached skill level 2 in Fighting
   999 | D:2      | Reached XP level 5. HP: 30/46 MP: 5/5
  1083 | D:2      | Found Aceasi's Armour Emporium.
  1182 | D:2      | Noticed Sigmund
  1199 | D:2      | Killed Sigmund
  1200 | D:2      | Reached skill level 3 in Fighting
  1200 | D:2      | Reached skill level 3 in Dodging
  1200 | D:2      | Reached XP level 6. HP: 56/56 MP: 6/6
  2452 | D:3      | Noticed Ijyb
  2465 | D:3      | Killed Ijyb
  2466 | D:3      | Reached skill level 4 in Shapeshifting
  2934 | D:3      | Found a glowing silver altar of Zin.
  3195 | D:4      | Reached XP level 7. HP: 62/62 MP: 7/7
  3255 | D:4      | HP: 6/62 [black bear (5)]
  3257 | D:4      | Reached skill level 5 in Shapeshifting
  3551 | D:4      | Found a shadowy altar of Dithmenos.
  3699 | D:4      | Found a shimmering blue altar of Sif Muna.
  4053 | D:4      | Reached skill level 6 in Shapeshifting
  4214 | D:5      | Entered Level 5 of the Dungeon
  4227 | D:5      | Found a glowing golden altar of the Shining One.
  4261 | D:5      | Reached XP level 8. HP: 50/69 MP: 8/8
  4360 | D:5      | Reached skill level 7 in Shapeshifting
  4382 | D:5      | Reached skill level 1 in Evocations
  4482 | D:5      | Reached skill level 2 in Evocations
  4543 | D:5      | Noticed Krumphau's ghost (novice DsMo)
  4548 | D:5      | Found a runed translucent door.
  4606 | D:5      | Reached skill level 3 in Evocations
  4764 | D:5      | Found a basalt altar of Yredelemnul.
  5106 | D:6      | Found an iron altar of Okawaru.
  5111 | D:6      | Found a burning altar of Makhleb.
  5179 | D:6      | Reached skill level 6 in Unarmed Combat
  5289 | D:6      | Found a sand-covered staircase.
  5332 | Ossuary  | Entered an ossuary
  5492 | Ossuary  | Reached skill level 7 in Unarmed Combat
  5508 | Ossuary  | Reached skill level 4 in Fighting
  5508 | Ossuary  | Reached XP level 9. HP: 57/78 MP: 9/9
  5589 | Ossuary  | Reached skill level 2 in Stealth
  5597 | Ossuary  | Reached skill level 3 in Stealth
  5603 | Ossuary  | Reached skill level 1 in Throwing
  5789 | D:6      | Reached skill level 2 in Throwing
  6029 | D:6      | Learned a level 4 spell: Passage of Golubria
  6029 | D:6      | Found a sparkling altar of Nemelex Xobeh.
  6213 | D:6      | Reached skill level 3 in Throwing
  6345 | D:6      | Noticed a two-headed ogre
  6349 | D:6      | Reached skill level 1 in Translocations
  6361 | D:6      | Killed a two-headed ogre
  6362 | D:6      | Reached skill level 3 in Translocations
  6362 | D:6      | Reached skill level 5 in Fighting
  6627 | D:6      | Reached skill level 8 in Unarmed Combat
  6951 | D:7      | Found a transporter.
  6954 | D:7      | Noticed ces's ghost (novice SpHu)
  6955 | D:7      | Found a transporter.
  6980 | D:7      | Found a staircase to the Ecumenical Temple.
  6989 | Temple   | Entered the Ecumenical Temple
  7005 | Temple   | Became a worshipper of Hepliaklqana the Forgotten
  7115 | D:7      | Reached XP level 10. HP: 85/88 MP: 10/10
  7373 | D:7      | Reached skill level 8 in Shapeshifting
  7378 | D:7      | Reached skill level 6 in Fighting
  7647 | D:7      | Reached skill level 7 in Fighting
  7835 | D:7      | Reached * piety under Hepliaklqana
  7884 | D:8      | Reached skill level 1 in Invocations
  8073 | D:8      | Reached skill level 2 in Invocations
  8334 | D:8      | Reached skill level 3 in Invocations
  8388 | D:8      | Noticed a two-headed ogre
  8395 | D:8      | Killed a two-headed ogre
  8396 | D:8      | Reached skill level 4 in Invocations
  8396 | D:8      | Reached skill level 4 in Translocations
  8538 | D:8      | Reached skill level 5 in Translocations
  8842 | D:9      | Reached skill level 1 in Spellcasting
  8887 | D:9      | Identified the +10 plate armour "Etaube" {^Contam rCorr
                  | Int+2 SInv}
  9032 | D:9      | Reached skill level 2 in Spellcasting
  9146 | D:9      | Reached ** piety under Hepliaklqana
  9205 | D:9      | Reached skill level 3 in Spellcasting
  9205 | D:9      | Found a hide-covered altar of Uskayaw.
  9264 | D:9      | Remembered your ancestor Marge Gundersen as a knight
  9375 | D:9      | Reached skill level 9 in Unarmed Combat
  9456 | D:10     | Entered Level 10 of the Dungeon
  9456 | D:10     | Noticed an unseen horror
  9465 | D:10     | Killed an unseen horror
  9466 | D:10     | Reached XP level 11. HP: 78/90 MP: 15/15
  9480 | D:10     | Found a broken altar of Ashenzari.
  9506 | D:10     | Reached skill level 10 in Unarmed Combat
  9611 | D:10     | Found a radiant altar of Vehumet.
  9620 | D:10     | Noticed a two-headed ogre
  9631 | D:10     | Killed a two-headed ogre
  9632 | D:10     | Reached skill level 8 in Fighting
  9675 | D:10     | Noticed Josephine
  9682 | D:10     | Killed Josephine
  9696 | D:10     | Reached skill level 9 in Shapeshifting
  9722 | D:10     | Found a staircase to the Lair.
 10298 | Lair:1   | Entered Level 1 of the Lair of Beasts
 10428 | Lair:1   | Found a runed translucent gate.
 10428 | Lair:1   | Found a runed translucent gate.
 10428 | Lair:1   | Found a runed translucent gate.
 10445 | Lair:1   | Reached skill level 10 in Shapeshifting
 10467 | Lair:1   | Reached skill level 9 in Fighting
 10491 | Lair:1   | Reached skill level 10 in Fighting
 10518 | Lair:1   | Reached skill level 1 in Armour
 10552 | Lair:1   | Reached skill level 2 in Armour
 10561 | Lair:1   | Reached XP level 12. HP: 99/104 MP: 16/16
 10565 | Lair:1   | Reached skill level 3 in Armour
 10603 | Lair:1   | Reached *** piety under Hepliaklqana
 10692 | Lair:1   | Reached skill level 4 in Armour
 10829 | Lair:1   | Noticed Caczuus's ghost (novice SpEE)
 10846 | Lair:1   | Reached skill level 5 in Armour
 11232 | Lair:1   | Identified the +9 rapier of Yhicorgh {holy, rF+ Will+ Str-2
                  | Int+3}
 11435 | Lair:1   | Killed Caczuus's ghost
 11598 | Lair:1   | Reached skill level 11 in Unarmed Combat
 11802 | Lair:2   | Noticed a boulder beetle
 11926 | Lair:2   | Noticed a six-headed hydra
 11935 | Lair:2   | Killed a six-headed hydra
 12193 | Lair:2   | Reached skill level 12 in Unarmed Combat
 12263 | Lair:2   | Killed a boulder beetle
 12881 | Lair:2   | Found a staircase to the Shoals.
 12985 | Lair:3   | Reached **** piety under Hepliaklqana
 13198 | Lair:3   | Gained mutation: You can use your snake-like lower body to
                  | constrict enemies. [Naga growth]
 13198 | Lair:3   | Reached XP level 13. HP: 82/110 MP: 17/17
 13339 | Lair:3   | Reached skill level 11 in Shapeshifting
 13380 | Lair:3   | Found a hole to the Spider Nest.
 13632 | Lair:3   | Reached skill level 12 in Shapeshifting
 13691 | Lair:3   | Found a runed translucent door.
 13768 | Lair:3   | Noticed hawla's ghost (journeyman FeBe)
 14058 | Lair:4   | Reached skill level 13 in Unarmed Combat
 14126 | Lair:4   | Found a dark tunnel.
 14134 | Volcano  | Entered a volcano
 14150 | Volcano  | Noticed a red draconian
 14168 | Volcano  | Killed a red draconian
 14228 | Lair:4   | Noticed Rupert
 14238 | Lair:4   | Killed Rupert
 14239 | Lair:4   | Reached skill level 14 in Unarmed Combat
 14623 | Lair:4   | Reached ***** piety under Hepliaklqana
 14988 | Lair:5   | Entered Level 5 of the Lair of Beasts
 15078 | Lair:5   | Reached skill level 15 in Unarmed Combat
 15220 | Lair:5   | Reached XP level 14. HP: 89/118 MP: 18/18
 15425 | Lair:5   | Found a viscous altar of Jiyva.
 15426 | Lair:5   | Found a staircase to the Slime Pits.
 15588 | Lair:5   | Reached skill level 16 in Unarmed Combat
 16049 | Lair:5   | Reached skill level 5 in Invocations
 16100 | Lair:5   | Reached skill level 6 in Invocations
 16183 | Lair:5   | Found the +5 Storm Queen's Shield {shock, Fly rElec}
 16788 | D:11     | Reached skill level 7 in Invocations
 17064 | D:12     | Found a staircase to the Orcish Mines.
 17714 | Orc:1    | Entered Level 1 of the Orcish Mines
 18061 | Orc:1    | Found Mezocsir's Antique Weapon Shoppe.
 18067 | Orc:1    | Noticed Maurice
 18080 | Orc:1    | Killed Maurice
 18081 | Orc:1    | Reached skill level 13 in Shapeshifting
 18163 | Orc:2    | Entered Level 2 of the Orcish Mines
 18552 | Orc:2    | Reached XP level 15. HP: 120/124 MP: 20/20
 18628 | Orc:2    | Found a staircase to the Elven Halls.
 18751 | Orc:2    | Reached skill level 14 in Shapeshifting
 19015 | Orc:2    | Found Akhlev's General Store.
 19015 | Orc:2    | Found Deurgh Ziohe's Armour Shoppe.
 19017 | Orc:2    | Found Kohuev's Book Emporium.
 19019 | Orc:2    | Found Uqolobb's Antique Armour Shop.
 19023 | Orc:2    | Bought a scroll of teleportation for 36 gold pieces
 19034 | Orc:2    | Bought a +0 barding for 368 gold pieces
 19206 | Orc:1    | Noticed Fannar
 19211 | Orc:1    | Killed Fannar
 19446 | D:13     | Found Giem's Antique Armour Shop.
 19453 | D:13     | Reached ****** piety under Hepliaklqana
 19595 | D:13     | Reached skill level 17 in Unarmed Combat
 19863 | D:13     | Reached skill level 4 in Evocations
 19954 | D:13     | Reached skill level 5 in Evocations
 20029 | D:13     | Reached skill level 4 in Stealth
 20242 | D:14     | Reached skill level 5 in Stealth
 20511 | D:14     | Reached skill level 6 in Stealth
 20745 | D:14     | Reached skill level 11 in Fighting
 20804 | D:14     | Found a gate to the Vaults.
 21432 | D:15     | Entered Level 15 of the Dungeon
 21508 | D:15     | Reached skill level 12 in Fighting
 21859 | D:15     | Found a staircase to the Depths.
 21883 | D:15     | HP: 5/129 [titanic slime creature (53)]
 22599 | D:15     | Reached skill level 15 in Shapeshifting
 22835 | Spider:1 | Entered Level 1 of the Spider Nest
 22847 | Spider:1 | Reached XP level 16. HP: 136/136 MP: 21/21
 22879 | Spider:1 | Reached skill level 6 in Evocations
 23294 | Spider:1 | Reached skill level 16 in Shapeshifting
 23776 | Spider:2 | HP: 9/138 [disintegration[a broodmother] (49)]
 23927 | Spider:2 | Reached skill level 13 in Fighting
 23946 | Spider:2 | You fall into a shaft and drop 1 floor!
 24337 | Spider:2 | Reached skill level 14 in Fighting
 24494 | Spider:2 | Reached skill level 8 in Invocations
 25117 | Spider:3 | Reached skill level 9 in Invocations
 25186 | Spider:3 | Identified the serpent talisman of Knowledge {rElec rCorr
                  | Int+2 Dex+2}
 25186 | Spider:3 | Noticed Aizul
 25197 | Spider:3 | Killed Aizul
 25484 | Spider:3 | Reached XP level 17. HP: 90/151 MP: 23/23
 25654 | Spider:3 | Reached skill level 15 in Fighting
 26042 | Spider:4 | Entered Level 4 of the Spider Nest
 26064 | Spider:4 | Identified the blade talisman "Luusom" {*Corrode rElec rC++
                  | Will+}
 26086 | Spider:4 | Reached skill level 6 in Armour
 26292 | Spider:4 | Identified 4 potions of resistance
 26317 | Spider:4 | Reached skill level 7 in Armour
 26539 | Spider:4 | Noticed Arachne
 26551 | Spider:4 | Killed Arachne
 26957 | Spider:4 | Reached skill level 18 in Unarmed Combat
 27188 | Spider:4 | Got a gossamer rune of Zot
 27199 | Spider:4 | Identified the scarf of Servitude {rC+ rF+, Will- Str+5
                  | Int-4 Dex+3}
 27423 | Shoals:1 | Entered Level 1 of the Shoals
 27756 | Elf:1    | Entered Level 1 of the Elven Halls
 27756 | Elf:1    | Found a runed translucent gate.
 27756 | Elf:1    | Found a runed translucent gate.
 27756 | Elf:1    | Found a runed translucent gate.
 27756 | Elf:1    | Found a runed translucent gate.
 27756 | Elf:1    | Found a runed translucent gate.
 27756 | Elf:1    | Found a runed translucent gate.
 27762 | Elf:1    | Found a runed translucent door.
 27818 | Elf:1    | Found a runed translucent door.
 27851 | Elf:1    | Found Warosch's Antique Weapon Emporium.
 27915 | Elf:1    | Reached skill level 19 in Unarmed Combat
 27919 | Elf:1    | Identified the +8 war axe of Poverty {freeze, rC+}
 28096 | Elf:1    | Reached XP level 18. HP: 160/160 MP: 24/24
 28177 | Elf:1    | Paralysed by an air elemental for 1 turns
 28422 | Elf:1    | HP: 15/160 [deep elf zephyrmancer/bolt of lightning (15)]
 28426 | Elf:1    | Killed from afar by a deep elf zephyrmancer

Vanquished Creatures
  Arachne (Spider:4)
  Rupert (Lair:4)
  Aizul (Spider:3)
  A deep elf sorcerer (Elf:1)
  An emperor scorpion (Spider:4)
  A very ugly thing (D:15)
  2 broodmothers
  A red draconian (Volcano)
  A deep elf annihilator (Elf:1)
  5 spark wasps
  5 entropy weavers
  Josephine (D:10)
  A vault guard (D:14)
  2 hydras
  5 radroaches
  14 boulder beetles
  4 two-headed ogres
  A catoblepas (Lair:5)
  3 dancing weapons (Elf:1)
  8 centaur warriors
  7 death yaks (Lair:5)
  A deep troll shaman (Lair:5)
  9 demonic crawlers
  3 deep elf knights (Elf:1)
  6 pharaoh ants
  2 skysharks
  A glowing orange brain (D:15)
  6 orb spiders
  12 steelbarb worms
  A lindwurm (Lair:5)
  A steelbarb worm (shapeshifter) (D:15)
  3 deep elf archers (Elf:1)
  5 orc knights
  5 deep elf zephyrmancers (Elf:1)
  13 ugly things
  10 deep elf pyromancers
  3 cyclopes
  13 wolf spiders
  3 manticores
  Maurice (Orc:1)
  17 meliai
  3 kobold blastminers
  2 moths of wrath
  16 elephants
  4 black mambas
  A gargoyle (D:11)
  11 cane toads
  5 torpor snails
  6 rime drakes
  An unseen horror (D:12)
  6 komodo dragons
  3 trolls
  A merfolk (Shoals:1)
  3 polar bears
  A wind drake (Shoals:1)
  15 tarantellas
  12 blink frogs
  9 slime creatures
  Sigmund (D:2)
  16 culicivoras
  16 jumping spiders
  40 yaks
  A spriggan (D:14)
  6 wyverns
  A wraith (D:10)
  3 water elementals
  3 basilisks
  3 steam dragons
  A warg (Orc:2)
  35 redbacks
  An acid dragon (D:11)
  4 water moccasins
  23 orc warriors
  2 sky beasts
  2 ice beasts
  2 black bears
  3 ogres
  13 wolves
  5 laughing skulls
  18 centaurs
  2 phantoms
  A weeping skull (Ossuary)
  9 bullfrogs
  A gnoll sergeant (D:7)
  5 water moccasin zombies (Ossuary)
  3 scorpions
  A cane toad simulacrum (Lair:1)
  3 wights (D:9)
  12 killer bees
  A howler monkey (D:8)
  2 bombardier beetles
  A gnoll bouda (D:2)
  5 hounds
  A spectral scorpion (Ossuary)
  8 orc priests
  4 jellies
  Ijyb (D:3)
  2 sleepcaps
  An iguana (D:4)
  10 orc wizards
  A yak simulacrum (Lair:1)
  2 bullfrog simulacra (Lair:1)
  2 crocodile zombies (Ossuary)
  2 mummies (Ossuary)
  10 gnolls
  6 adders
  A shadow imp (D:6)
  A white imp (D:6)
  4 ufetubi (D:6)
  3 adder zombies (Ossuary)
  2 ribbon worms
  5 dart slugs
  48 orcs
  8 bats
  4 endoplasms
  3 giant cockroaches
  9 hobgoblins
  2 jackals (D:2)
  7 kobolds
  4 quokkas
  11 ball pythons
  3 frilled lizards
  7 gnoll zombies (Ossuary)
  9 goblins
  2 jackal zombies (Ossuary)
  2 orc zombies (Ossuary)
  5 rats
715 creatures vanquished.

Vanquished Creatures (collateral kills)
  A broodmother (Spider:2)
  A deep elf annihilator (Elf:1)
  Fannar (Orc:1)
  A hydra (Lair:2)
  3 centaur warriors
  3 catoblepae
  A death yak (Lair:5)
  2 boulder beetles
  2 demonic crawlers (Spider:1)
  A deep elf knight (Elf:1)
  The ghost of Caczuus the Covert, a novice SpEE of Ashenzari (Lair:1)
  4 pharaoh ants
  4 orb spiders
  A sun moth (Spider:3)
  2 deep elf pyromancers (Elf:1)
  A deep elf zephyrmancer (Elf:1)
  An orc sorcerer (Orc:2)
  A wolf spider (Spider:4)
  2 elephants
  2 cyclopes
  A kobold blastminer (Orc:2)
  An unseen horror (D:10)
  A komodo dragon (Lair:3)
  A rime drake (Lair:1)
  10 tarantellas
  A troll (D:12)
  2 blink frogs (Lair:2)
  6 jumping spiders
  A shadow (D:9)
  A slime creature (D:15)
  An air elemental (Elf:1)
  4 culicivoras
  2 wraiths (D:10)
  9 yaks
  4 wyverns
  A basilisk (D:15)
  13 redbacks
  A death yak simulacrum (Lair:1)
  An acid dragon (D:8)
  10 orc warriors
  2 black bears
  8 centaurs
  2 ogres
  4 wolves
  3 bullfrogs
  A scorpion (Lair:2)
  A wight (D:9)
  2 killer bees
  A gnoll bouda (D:9)
  2 orc priests
  3 orc wizards
  4 gnolls (D:9)
  17 orcs
  A butterfly (Lair:1)
157 creatures vanquished.

Vanquished Creatures (others)
  A deep elf knight (Elf:1)
  A redback (Spider:2)
  17 knights
  A bat (D:3)
20 creatures vanquished.

Grand Total: 892 creatures vanquished

Table legend: (Time is in decaauts)
 A = Elapsed time spent in this place.
 B = Non-inter-level travel time spent in this place.
 C = Inter-level travel time spent in this place.
 D = Time resting spent in this place.
 E = Time spent auto-exploring this place.
 F = Levels seen in this place.
 G = Mean time per level.
                   A        B        C        D        E       F      G
               +--------+--------+--------+--------+--------+-----+--------+
         Total |  35387 |  32818 |   2569 |   2725 |  23077 |  31 | 1141.5 |
       Dungeon |  18948 |  17758 |   1190 |   1428 |  13466 |  15 | 1263.2 |
        Temple |     42 |      5 |     37 |      0 |      0 |   1 |   42.0 |
          Lair |   7484 |   6692 |    792 |    213 |   4830 |   5 | 1496.8 |
        Shoals |    207 |    179 |     28 |      0 |    146 |   1 |  207.0 |
   Spider Nest |   5484 |   5206 |    278 |    552 |   3226 |   4 | 1371.0 |
  Orcish Mines |   1944 |   1703 |    241 |    360 |    827 |   2 |  972.0 |
   Elven Halls |    778 |    778 |      0 |     43 |    453 |   1 |  778.0 |
       Ossuary |    432 |    432 |      0 |    127 |     98 |   1 |  432.0 |
       Volcano |     64 |     64 |      0 |      0 |     27 |   1 |   64.0 |
               +--------+--------+--------+--------+--------+-----+--------+

Top non-repeatable levels by time:
Spider:2: 1911 daAuts
     D:6: 1804 daAuts
  Lair:2: 1754 daAuts
    D:14: 1697 daAuts
  Lair:1: 1663 daAuts
     D:2: 1638 daAuts
  Lair:5: 1563 daAuts
     D:3: 1555 daAuts
    D:15: 1531 daAuts
    D:10: 1359 daAuts
Spider:4: 1349 daAuts
Spider:3: 1337 daAuts
  Lair:3: 1316 daAuts
     D:7: 1213 daAuts
     D:8: 1202 daAuts

Table legend:
 A = Non-vault XP
 B = Vault XP
 C = Vault XP percentage of total XP
 D = Non-vault monster count
 E = Vault monster count
 F = Vault count percentage of total count
                 A         B        C        D         E       F
            +---------+---------+-------+---------+---------+-------
      Total |  172879 |   79890 |  31.6 |     673 |     200 |  22.9
            +---------+---------+-------+---------+---------+-------
        D:1 |      51 |       0 |   0.0 |      30 |       0 |   0.0
        D:2 |     151 |     223 |  59.6 |      22 |       1 |   4.3
        D:3 |     105 |      37 |  26.1 |      25 |       2 |   7.4
        D:4 |     588 |       0 |   0.0 |      20 |       0 |   0.0
        D:5 |     628 |       0 |   0.0 |      14 |       0 |   0.0
        D:6 |     697 |    1109 |  61.4 |      21 |       4 |  16.0
        D:7 |    1093 |       0 |   0.0 |      17 |       0 |   0.0
        D:8 |    1927 |       0 |   0.0 |      14 |       0 |   0.0
        D:9 |    1419 |     322 |  18.5 |      20 |       1 |   4.8
       D:10 |    3706 |    1529 |  29.2 |      20 |       4 |  16.7
       D:11 |    2936 |       0 |   0.0 |      14 |       0 |   0.0
       D:12 |    5155 |     331 |   6.0 |      14 |       9 |  39.1
       D:13 |    9503 |    2028 |  17.6 |      20 |       4 |  16.7
       D:14 |    5792 |    2715 |  31.9 |      14 |       4 |  22.2
       D:15 |   11817 |    4693 |  28.4 |      29 |       7 |  19.4
     Lair:1 |    7391 |    2557 |  25.7 |      33 |      10 |  23.3
     Lair:2 |    4948 |    1659 |  25.1 |      19 |       5 |  20.8
     Lair:3 |    8321 |     348 |   4.0 |      31 |       2 |   6.1
     Lair:4 |    9656 |    1834 |  16.0 |      28 |       1 |   3.4
     Lair:5 |    9257 |    7868 |  45.9 |      18 |      21 |  53.8
   Shoals:1 |    1526 |       0 |   0.0 |       4 |       0 |   0.0
   Spider:1 |   15467 |    4800 |  23.7 |      45 |       6 |  11.8
   Spider:2 |   19074 |       0 |   0.0 |      45 |       0 |   0.0
   Spider:3 |   20423 |    1684 |   7.6 |      51 |       2 |   3.8
   Spider:4 |   13385 |   27235 |  67.0 |      37 |      33 |  47.1
      Orc:1 |    2351 |    2322 |  49.7 |      19 |      11 |  36.7
      Orc:2 |    1898 |    7022 |  78.7 |      27 |      35 |  56.5
      Elf:1 |   13614 |    7672 |  36.0 |      22 |      10 |  31.2
    Ossuary |       0 |     645 | 100.0 |       0 |      25 | 100.0
    Volcano |       0 |    1257 | 100.0 |       0 |       3 | 100.0
            +---------+---------+-------+---------+---------+-------
